 Dungeon Crawl Stone Soup version 0.28.0-45-g0d030f2227 (webtiles) character file.

Game seed: 5756275350823067090

29 Ablot the Cutter (level 3, -1/35 HPs)
             Began as a Gnoll Chaos Knight on Apr 12, 2022.
             Was a Plaything of Xom.
             Slain by a worm (3 damage)
             ... on level 2 of the Dungeon.
             The game lasted 00:00:54 (539 turns).

Ablot the Cutter (Gnoll Chaos Knight)                Turns: 539, Time: 00:00:54

Health: -1/35      AC:  6    Str: 13    XL:     3   Next: 16%
Magic:  3/3        EV: 12    Int: 11    God:    Xom [..*...]
Gold:   16         SH:  0    Dex: 11    Spells: 3/3 levels left

rFire   . . .      SeeInvis .   a - +0 short sword (chaos)
rCold   . . .      Faith    .   (no shield)
rNeg    . . .      Spirit   .   b - +2 leather armour
rPois   .          Reflect  .   (no helmet)
rElec   .          Harm     .   (no cloak)
rCorr   .          Rampage  .   c - +0 pair of gloves
Will    .....                   (no boots)
Stlth   +.........              (no amulet)
HPRegen 0.11/turn               (no ring)
MPRegen 0.08/turn               (no ring)

@: no status effects
A: fangs 1, strong nose, distributed training
a: Renounce Religion


You were on level 2 of the Dungeon.
You worshipped Xom.
You were a toy of Xom.
You visited 1 branch of the dungeon, and saw 2 of its levels.

You collected 16 gold pieces.

Inventory:

Hand Weapons
 a - a +0 short sword of chaos (weapon)
Missiles
 f - 24 stones (quivered)
Armour
 b - a +2 leather armour (worn)
 c - a +0 pair of gloves (worn)
Scrolls
 d - a scroll of noise {unknown}
 e - a scroll of holy word {unknown}
Potions
 g - a potion of heal wounds {unknown}


   Skills:
 + Level 6.5 Fighting
 + Level 6.5 Short Blades
 + Level 0.6 Long Blades
 + Level 0.6 Axes
 + Level 0.6 Maces & Flails
 + Level 0.6 Polearms
 + Level 0.6 Staves
 + Level 0.6 Slings
 + Level 0.6 Bows
 + Level 0.6 Crossbows
 + Level 0.6 Throwing
 + Level 4.5 Armour
 + Level 2.5 Dodging
 + Level 0.6 Stealth
 + Level 0.6 Shields
 + Level 0.6 Unarmed Combat
 + Level 0.6 Spellcasting
 + Level 0.4 Conjurations
 + Level 0.4 Hexes
 + Level 0.4 Summonings
 + Level 0.4 Necromancy
 + Level 0.4 Translocations
 + Level 0.4 Transmutations
 + Level 0.4 Fire Magic
 + Level 0.4 Ice Magic
 + Level 0.4 Air Magic
 + Level 0.4 Earth Magic
 + Level 0.4 Poison Magic
 + Level 0.8 Invocations
 + Level 0.6 Evocations


You had 3 spell levels left.
You didn't know any spells.
Your spell library was empty.

Dungeon Overview and Level Annotations

Branches:
Dungeon (1/15)

Altars:


Innate Abilities, Weirdness & Mutations

You have very sharp teeth.
Your uncanny sense of smell can sniff out nearby items.
Your experience applies equally to all skills.


Message History

You closely miss the kobold. The kobold barely misses you.
You hit the kobold but do no damage. You bite the kobold.
The kobold is moderately wounded.
The kobold hits you but does no damage.
You miss the kobold.
The kobold is moderately wounded.
The kobold closely misses you.
You closely miss the kobold. You barely miss the kobold.
The kobold completely misses you.
You hit the kobold.
You kill the kobold!
The worm bites you!
* * * LOW HITPOINT WARNING * * *
A shower of butterflies erupts from you!
Items here: ( ) †††.
You hit the worm.
The worm flickers and vanishes!
Deactivating autopickup; reactivate with Ctrl-A.
Xom thinks this is hilarious!
You closely miss something. Something bites you.
* * * LOW HITPOINT WARNING * * *
You swap places.
Something bites your butterfly.
Your butterfly dies!
Your butterfly disappears in a puff of smoke!
You swap places.
Something completely misses your butterfly.
Something bites your butterfly.
Your butterfly dies!
Your butterfly disappears in a puff of smoke!
Something bites your butterfly.
Your butterfly dies!
Your butterfly disappears in a puff of smoke!
Something barely misses your butterfly.
Your butterfly disappears in a puff of smoke!
You barely miss something. Something barely misses you.
You hit something but do no damage. You completely miss something.
Something bites you!
* * * LOW HITPOINT WARNING * * *
"This place needs a little more atmosphere."
Something bites you.
You die...

## ######. ##
###############...#..
#..####........S..)..###...
#.....w........K...## ##..
∆ ##..##.##########.## ##.
#..###...@......).# #. ....
#.##########.## ##. ...##.
#.# ##b## ##.. .... .. ..#
#..###.#. ### #. ..#
#.#...##. .. ..# #.##.....
#.##..##+ #.##..#
###.##..#∆


There were no monsters in sight!

Vanquished Creatures
  2 adders (D:2)
  A dart slug (D:2)
  A goblin (D:2)
  2 hobgoblins (D:2)
  A quokka (D:1)
  2 ball pythons (D:2)
  A kobold (D:2)
10 creatures vanquished.

Notes
Turn   | Place    | Note
-------+----------+-------------------------------------------
     0 | D:1      | Ablot the Gnoll Chaos Knight began the quest for the Orb.
     0 | D:1      | Reached XP level 1. HP: 23/23 MP: 1/1
   182 | D:1      | XOM: silly message
   253 | D:1      | You fall into a shaft and drop 1 floor!
   308 | D:2      | XOM: silly message
   397 | D:2      | XOM: silly message
   407 | D:2      | Reached XP level 2. HP: 26/29 MP: 2/2
   498 | D:2      | Reached XP level 3. HP: 18/35 MP: 3/3
   512 | D:2      | XOM: butterfly on damage
   538 | D:2      | XOM: cloud trail
   539 | D:2      | Slain by a worm

Illustrated notes

Levels and vault maps discovered:
D:1:      mrwooster_arrival_arrow, layout_basic
D:2:      layout_loops_ring, chequers_ecumenical_altar_simple,
          ebering_dispersal_statue_hall, nrook_mini_vaults, minivault_11,
          minmay_pentomino_x4

Action                   || total
-------------------------++-------
Melee: Short sword       ||    62
       Punch             ||     2
       Bite              ||     8
Armor: Leather armour    ||    16
Dodge: Dodged            ||    32
